 Dungeon Crawl Stone Soup version 0.29.1-15-g9cfb28693d (webtiles) character file.

Game seed: 16245819089336345135

1424 LustLizard the Ruffian (level 8, -1/64 HPs)
             Began as a Demigod Transmuter on Mar 27, 2023.
             Slain by Prince Ribbit (8 damage)
             ... on level 6 of the Dungeon.
             The game lasted 00:11:41 (6211 turns).

LustLizard the Ruffian (Demigod Transmuter)         Turns: 6211, Time: 00:11:42

Health: -1/64      AC:  4    Str: 21    XL:     8   Next: 20%
Magic:  16/16      EV: 12    Int: 19    God:
Gold:   178        SH:  0    Dex: 14    Spells: 6/14 levels left

rFire   . . .      SeeInvis .     - Unarmed
rCold   . . .      Faith    .   (no shield)
rNeg    . . .      Spirit   .   m - +0 leather armour
rPois   .          Reflect  .   (no helmet)
rElec   .          Harm     .   t - +0 cloak
rCorr   .          Rampage  .   (no gloves)
Will    .....                   (no boots)
Stlth   +.........              (no amulet)
HPRegen 0.20/turn               i - +6 ring of strength
MPRegen 0.15/turn               q - ring of flight

@: flying
A: high MP 1, forlorn, divine attributes
a: no special abilities


You were on level 6 of the Dungeon.
You visited 1 branch of the dungeon, and saw 6 of its levels.
You also visited: Sewer.

You collected 353 gold pieces.
You spent 175 gold pieces at shops.

Inventory:

Missiles
 z - a throwing net
Armour
 a - a +0 robe
 m - a +0 leather armour (worn)
 t - a +0 cloak (worn)
Jewellery
 i - a +6 ring of strength (left hand)
 q - a ring of flight (right hand)
Wands
 s - a wand of mindburst (15)
Scrolls
 c - 2 scrolls of enchant weapon
 f - 3 scrolls of silence {unknown}
 j - 2 scrolls of blinking
 l - a scroll of vulnerability {unknown}
 v - a scroll of amnesia {unknown}
 w - a scroll of noise {unknown}
 y - a scroll of fear {unknown}
Potions
 b - 5 potions of lignification
 e - 3 potions of curing
 g - a potion of degeneration {unknown}
 h - a potion of invisibility {unknown}
 k - 2 potions of ambrosia {unknown}
 n - 4 potions of might
 o - a potion of mutation {unknown}
 p - 2 potions of brilliance
 u - 2 potions of magic {unknown}
 x - a potion of cancellation {unknown}


   Skills:
 + Level 3.6 Fighting
 - Level 1.7 Dodging
 * Level 5.9 Unarmed Combat
 + Level 3.7 Spellcasting
 + Level 2.6 Translocations
 * Level 5.4 Transmutations


You had 6 spell levels left.
You knew the following spells:

 Your Spells              Type           Power      Damage    Failure   Level
a - Beastly Appendage     Tmut           48%        N/A       1%          1
b - Wereblood             Tmut           24%        N/A       2%          2
c - Swiftness             Air            3%         N/A       43%         3
d - Blink                 Tloc           26%        N/A       9%          2

Your spell library contained the following spells:

 Spells                   Type           Power      Damage    Failure   Level
 Shock                    Conj/Air       12%        1d3       16%         1
 Lesser Beckoning         Tloc           13%        N/A       16%         3
 Spider Form              Tmut/Pois      13%        N/A       16%         3
 Sublimation of Blood     Necr           3%         N/A       24%         2
 Dazzling Flash           Conj/Hex       6%         N/A       43%         3
 Ice Form                 Ice/Tmut       13%        N/A       45%         4
 Petrify                  Tmut/Erth      13%        N/A       45%         4
 Iskenderun's Mystic Bla  Conj/Tloc      8%         2d4       67%         4
 Irradiate                Conj/Tmut      6%         3d13      82%         5
 Manifold Assault         Tloc           13%        N/A       83%         5
 Airstrike                Air            1%         2d(1-17)  85%         4
 Anguish                  Hex/Necr       1%         N/A       85%         4
 Starburst                Conj/Fire      1%         6d3       100%        6
 Enfeeble                 Hex            1%         N/A       100%        7


Dungeon Overview and Level Annotations

Branches:
Dungeon (6/15)              Sewer (visited)
 Temple: D:4-7

Shops:
D:5 ?

Annotations:
D:2 1 runed translucent door, Crazy Yiuf
D:5 Sigmund
D:6 Grinder, Prince Ribbit


Innate Abilities, Weirdness & Mutations

You have an increased reservoir of magic. (+10% MP)
You shall have no god before yourself.
Your divine heritage dramatically boosts your attributes as you level up.


Message History

You closely miss the kobold. Your punch misses the kobold.
The kobold completely misses you.
You punch the kobold!
You feel a bit better.
You kill the kobold!
Your primal bloodlust has ended.
Prince Ribbit hits you but does no damage.
You barely miss Prince Ribbit.
Prince Ribbit is lightly wounded.
Prince Ribbit barely misses you.
You punch Prince Ribbit! Your kick misses Prince Ribbit.
Prince Ribbit is moderately wounded.
Prince Ribbit barely misses you.
You miss Prince Ribbit.
Prince Ribbit is moderately wounded.
Prince Ribbit hits you.
Prince Ribbit blinks!
The kobold hits you with a +0 rapier.
You hit the kobold but do no damage. Your kick misses the kobold.
Prince Ribbit lets out a mournful croak.
You hit the kobold. Your kick misses the kobold.
The kobold is moderately wounded.
The kobold hits you but does no damage.
Grinder blinks!
You hit the kobold.
You kill the kobold!
Your horns disappear.
Your talons disappear.
Things that are here:
a +0 club; 7 poisoned darts; a scorpion corpse You completely miss Prince Ribbit.
Your punch misses Prince Ribbit.
Prince Ribbit is moderately wounded.
Prince Ribbit sighs, "It's not easy being green!"
Prince Ribbit hits you!
* * * LOW HITPOINT WARNING * * *
You barely miss Prince Ribbit.
Prince Ribbit is moderately wounded.
Prince Ribbit hits you!
* * * LOW HITPOINT WARNING * * *
Grinder blinks!
You miss Prince Ribbit.
Prince Ribbit is moderately wounded.
Prince Ribbit closely misses you. Prince Ribbit hits you!
You die...

..<.............#.#..
.......#................
.......#................
.........................
....#....................
...##..#..$....## .......
~..# .##.......##.......
.... .##.......#..).....
#.....†)@#......#
.......#.#F#.......
......#..#.†......#
.......§.###........
........# ##.......
......# #...... ....#
#..... ..# #.... ##..


You could see Prince Ribbit.

Vanquished Creatures
  A water moccasin (Sewer)
  2 black bears
  An ogre (D:5)
  2 phantoms
  A kobold brigand (D:6)
  2 necrophages
  3 scorpions
  3 hounds
  A jelly (D:6)
  2 iguanas
  Jessica (D:3)
  Terence (D:3)
  2 orc wizards (D:4)
  6 gnolls
  10 adders
  4 worms
  A dart slug (D:3)
  11 orcs (D:4)
  2 ball pythons
  5 bats
  9 endoplasms
  4 giant cockroaches
  4 goblins (D:1)
  2 hobgoblins (D:3)
  9 jackals
  14 kobolds
  A quokka (D:5)
  7 frilled lizards
  8 rats
119 creatures vanquished.

Notes
Turn   | Place    | Note
-------+----------+-------------------------------------------
     0 | D:1      | LustLizard the Demigod Transmuter began the quest for the
                  | Orb.
     0 | D:1      | Reached XP level 1. HP: 15/15 MP: 5/5
   100 | D:1      | Reached skill level 1 in Fighting
   242 | D:1      | Reached XP level 2. HP: 18/23 MP: 4/7
   249 | D:1      | Learned a level 2 spell: Wereblood
  1123 | D:2      | Reached XP level 3. HP: 25/28 MP: 6/8
  1991 | D:2      | Found a runed translucent door.
  1992 | D:2      | Noticed Crazy Yiuf
  2524 | D:3      | Noticed Jessica
  2528 | D:3      | Noticed Terence
  2529 | D:3      | Killed Jessica
  2530 | D:3      | Reached XP level 4. HP: 29/35 MP: 5/10
  2540 | D:3      | Killed Terence
  3007 | D:3      | Learned a level 3 spell: Swiftness
  3100 | D:3      | Noticed an ice beast
  3382 | D:4      | Noticed a phantom
  3394 | D:4      | Killed a phantom
  3395 | D:4      | Reached XP level 5. HP: 12/41 MP: 8/11
  3414 | D:4      | Learned a level 2 spell: Blink
  3663 | D:4      | Reached XP level 6. HP: 48/48 MP: 11/13
  4057 | D:4      | Reached skill level 1 in Translocations
  4432 | D:5      | Entered Level 5 of the Dungeon
  4531 | D:5      | Reached XP level 7. HP: 28/56 MP: 14/14
  4658 | D:5      | Found a glowing drain.
  4713 | Sewer    | Entered a sewer
  4766 | Sewer    | Reached skill level 5 in Unarmed Combat
  5260 | D:5      | Noticed Sigmund
  5517 | D:5      | Reached skill level 5 in Transmutations
  5535 | D:5      | Found Doekoom's Magic Scroll Emporium.
  5566 | D:5      | Bought a scroll of blinking for 105 gold pieces
  5566 | D:5      | Bought a scroll of identify for 28 gold pieces
  5566 | D:5      | Bought a scroll of teleportation for 42 gold pieces
  5909 | D:6      | Noticed Grinder
  6132 | D:6      | Reached XP level 8. HP: 46/63 MP: 16/16
  6171 | D:6      | Noticed Prince Ribbit
  6211 | D:6      | Slain by Prince Ribbit

Illustrated notes

Levels and vault maps discovered:
D:1:      lightli_arrival_flooded_house, layout_basic,
          hellmonk_ecumenical_altar_slurped_away, minmay_misc_feat_x,
          minmay_tiny_reverse_x
D:2:      layout_basic, roderic_serpentine_path, minivault_25,
          uniq_crazy_yiuf_cottage
D:3:      layout_loops_ring, vehumet_crystals, chequers_mini_garden,
          lightli_corner_chamber, uniq_jessica, uniq_terence
D:4:      layout_basic, gammafunk_temple_overflow_forgotten
D:5:      layout_basic, cheibrodos_sewer_entry_sluice, serial_shops, shop,
          uniq_sigmund
D:6:      layout_cave_pools, mainiacjoe_overflow_paths,
          mainiacjoe_overflow_boulevard, tso_metal_star,
          minmay_temple_entry_nine_rooms, chequers_serial_rivers_micro_c,
          uniq_prince_ribbit1, uniq_pikel, uniq_grinder, uniq_blork_the_orc

Skill      XL: |  1  2  3  4  5  6  7 |
---------------+----------------------+-----
Fighting       | 1 2 3 |  3.6
Transmutations | 2 3 4 5 |  5.4
Unarmed Combat | 3 4 5 |  5.9
Spellcasting   | 2 3 |  3.7
Translocations | 1 2 |  2.6
Dodging        | |  1.7

Action                   |  1- 3 |  4- 6 |  7- 9 || total
-------------------------+-------+-------+-------++-------
Melee: Unarmed           |    99 |   115 |   130 ||   344
       Kick              |    21 |    27 |    35 ||    83
       Headbutt          |    12 |    16 |    20 ||    48
       Punch             |     2 |     1 |     1 ||     4
 Cast: Beastly Appendage |    31 |    20 |    16 ||    67
       Wereblood         |     1 |     5 |     5 ||    11
  Use: Scroll            |       |       |     7 ||     7
       Potion            |       |       |     2 ||     2
 Stab: Sleeping          |     2 |       |       ||     2
Armor: Robe              |    16 |       |       ||    16
       Leather armour    |     8 |    19 |    29 ||    56
Dodge: Dodged            |    53 |    69 |    87 ||   209
